 Dungeon Crawl Stone Soup version 0.22.0-38-g04b72b8 (webtiles) character file.

5331 Lavandula the Cleaver (level 10, -12/121 HPs)
             Began as a Centaur Berserker on Aug 29, 2018.
             Was a High Priest of Trog.
             Mangled by a white ugly thing (34 damage)
             ... on level 8 of the Dungeon on Aug 30, 2018.
             The game lasted 00:26:17 (3611 turns).

Lavandula the Cleaver (Centaur Berserker)           Turns: 3611, Time: 00:26:18

Health: -12/121    AC:  6    Str: 28    XL:     10   Next: 38%
Magic:  10/10      EV: 11    Int:  6    God:    Trog [*****.]
Gold:   656        SH:  0    Dex:  7    Spells: 9/9 levels left

rFire    . . .     SeeInvis +   m - +3 war axe (venom)
rCold    . . .     Gourm    .   (no shield)
rNeg     . . .     Faith    .   w - +0 steam dragon scales
rPois    .         Spirit   .   e - +0 helmet
rElec    .         Reflect  .   (no cloak)
rCorr    .         Harm     .   (no gloves)
MR       .....                  (no barding)
Stlth    ..........             (no amulet)
HPRegen  0.30/turn              i - ring of see invisible
MPRegen  0.12/turn              (no ring)

@: berserking, slightly contaminated, starving, very quick
A: large, hooves 3, clumsy 1, deformed body, speed 2, tough skin 3
a: Berserk, Trog's Hand, Brothers in Arms, Renounce Religion


You were on level 8 of the Dungeon.
You worshipped Trog.
Trog was extremely pleased with you.
You were starving.

You visited 1 branch of the dungeon, and saw 10 of its levels.
You also visited: Sewer and Bailey.

You collected 656 gold pieces.

Inventory:

Hand Weapons
 a - a +0 hand axe
 m - a +3 war axe of venom (weapon)
 q - a +0 blowgun
 E - the +1 battleaxe of the Land of Plenty {freeze, *Contam rPois rF++ SInv}
   (Trog gifted it to you in a bailey)

   It has been specially enchanted to freeze those struck by it, causing extra
   injury to most foes and up to half again as much damage against particularly
   susceptible opponents.
   It can also slow down cold-blooded creatures.
   It greatly protects you from fire.
   It protects you from poison.
   It lets you see invisible.
   It causes magical contamination when unequipped.
Missiles
 k - 2 throwing nets (quivered)
 o - 38 tomahawks of returning
 C - 7 poisoned needles
 D - 7 poisoned tomahawks
Armour
 b - a +0 animal skin
 d - a +0 ring mail
 e - a +0 helmet (worn)
 u - the +0 robe "Ekal" {+Fly rElec Str+4 Slay+3, unknown}
   (You took it off a gnoll in a bailey)

   It affects your strength (+4).
   It affects your accuracy and damage with ranged weapons and melee attacks
   (+3).
   It insulates you from electricity.
   It lets you fly.
 w - +0 steam dragon scales (worn)
 A - a +1 robe of resistance
 B - a cursed -2 leather armour
Jewellery
 i - a ring of see invisible (left hand)
 y - an uncursed ring of resist corrosion
 z - an uncursed ring of fire
Scrolls
 j - 2 scrolls of remove curse
 n - 3 scrolls of fear
 x - 3 scrolls of amnesia
Potions
 f - 4 potions of heal wounds
 g - 2 potions of degeneration {unknown}
 h - 3 potions of agility
 p - a potion of haste {unknown}
 r - 5 potions of brilliance
 s - 3 potions of flight
 t - 3 potions of curing {unknown}
 v - 4 potions of might {unknown}
Comestibles
 c - 11 rations


   Skills:
 - Level 5.1 Fighting
 + Level 12.0 Axes
 - Level 3.0 Throwing
 - Level 1.3 Armour
 - Level 5.1 Dodging


You had 9 spell levels left.
You didn't know any spells.
Your spell library contained the following spells:

 Spells                   Type           Power        Failure   Level  Hunger
 Shock                    Conj/Air       #...         45%         1    ##.....
 Swiftness                Chrm/Air       #.......     58%         2    ###....
 Static Discharge         Conj/Air       #.......     83%         3    ####...
 Airstrike                Air            #.........   99%         4    #####..
 Lightning Bolt           Conj/Air       #.........   100%        5    ######.


Dungeon Overview and Level Annotations

Branches:
Dungeon (10/15)            Temple (0/1) D:7            Lair (0/6) D:8
    Orc: D:9-12

Altars:
Hepliaklqana
Qazlal

Shops:
D:4 (

Annotations:
D:8 Joseph


Innate Abilities, Weirdness & Mutations

You have hooves in place of feet.
Armour fits poorly on your strangely shaped body.
You cover ground very quickly.
You have extremely tough skin. (AC +3)
You are clumsy. (Dex -2)


Message History

The worker ant bites you but does no damage.
You slice Joseph!!
Joseph looks as sick as possible!
Your kick misses Joseph.
Joseph is heavily wounded.
You closely miss the worker ant.
Unknown command.
You barely miss the white ugly thing. You hit Joseph.
Joseph looks as sick as possible!
You closely miss the worker ant. The worker ant bites you.
* * * LOW HITPOINT WARNING * * *
Joseph misses you.
Unknown command.
You hit Joseph.
Joseph looks as sick as possible!
Your kick misses Joseph.
Joseph is severely wounded.
You slice the worker ant!!
You kill the worker ant!
Trog accepts your kill.
You closely miss the white ugly thing. The white ugly thing engulfs you.
* * * LOW HITPOINT WARNING * * *
The white ugly thing freezes you!!
You die...

# #######.# #########
#....$...
#.......########.@......
+.......'......)@u......
#.......#######))†......
+............##))......#
#....[.......##.........
###'##.......##.........
#.###########.######..
#.###########.# .
#...>..........
####...........


You could see a white ugly thing and Joseph.

Vanquished Creatures
  Psyche (D:8)
  Sigmund (D:4)
  Eustachio (D:6)
  A steam dragon (D:7)
  A water moccasin (D:6)
  4 orc warriors
  5 ice beasts
  2 phantoms
  2 sky beasts
  6 ogres
  A necrophage (D:6)
  2 big kobolds (Sewer)
  Blork the orc (D:4)
  3 scorpions
  6 killer bees
  5 wights (D:6)
  A crimson imp (D:9)
  A quasit (D:4)
  A jelly (D:6)
  A gnoll shaman (D:6)
  9 orc priests
  3 hounds
  8 orc wizards
  A bullfrog skeleton (D:9)
  An iguana (D:7)
  6 worker ants
  A hound skeleton (D:6)
  Robin (D:4)
  7 adders
  12 gnolls
  A shadow imp (D:8)
  3 oozes
  An adder skeleton (D:6)
  A worm (D:3)
  A dart slug (D:1)
  7 leopard geckos
  48 orcs
  9 giant cockroaches
  21 goblins
  7 hobgoblins
  6 jackals
  2 quokkas
  9 bats
  8 frilled lizards
  31 kobolds
  7 rats
257 creatures vanquished.

Vanquished Creatures (collateral kills)
  2 orc knights (Bailey)
  2 orc warriors (Bailey)
  2 gnolls (Bailey)
  2 orcs (Bailey)
  A hobgoblin (Bailey)
  3 kobolds (Bailey)
12 creatures vanquished.

Grand Total: 269 creatures vanquished

Notes
Turn   | Place    | Note
-------+----------+-------------------------------------------
     0 | D:1      | Lavandula the Centaur Berserker began the quest for the Orb.
     0 | D:1      | Reached XP level 1. HP: 19/19 MP: 1/1
    49 | D:1      | Reached skill level 3 in Axes
    95 | D:1      | Reached XP level 2. HP: 12/26 MP: 2/2
   180 | D:1      | Reached ** piety under Trog
   268 | D:2      | Noticed a scorpion
   288 | D:2      | Killed a scorpion
   288 | D:2      | Reached skill level 4 in Axes
   288 | D:2      | Reached XP level 3. HP: 31/31 MP: 3/3
   288 | D:2      | Reached XP level 4. HP: 38/38 MP: 4/4
   346 | D:4      | Found Pesoraiv's Antique Weapon Boutique.
   359 | D:4      | Noticed Blork the orc
   366 | D:4      | Killed Blork the orc
   366 | D:4      | Reached skill level 5 in Axes
   366 | D:4      | Reached XP level 5. HP: 26/45 MP: 5/5
   512 | D:4      | Noticed Sigmund
   522 | D:4      | Killed Sigmund
   522 | D:4      | Reached skill level 6 in Axes
   522 | D:4      | Reached XP level 6. HP: 51/51 MP: 6/6
   595 | D:4      | Reached skill level 7 in Axes
   597 | D:4      | Reached XP level 7. HP: 14/57 MP: 7/7
   996 | D:3      | Reached *** piety under Trog
  1037 | D:3      | Reached skill level 8 in Axes
  1192 | D:4      | Noticed Robin
  1200 | D:4      | Reached **** piety under Trog
  1203 | D:4      | Killed Robin
  1236 | D:5      | Entered Level 5 of the Dungeon
  1300 | D:6      | Reached skill level 1 in Throwing
  1300 | D:6      | Reached XP level 8. HP: 63/63 MP: 8/8
  1389 | D:6      | Reached skill level 5 in Fighting
  1394 | D:6      | HP: 1/102 [gnoll/club (7)]
  1536 | D:6      | Noticed Eustachio
  1537 | D:6      | Found a stormy altar of Qazlal.
  1546 | D:6      | Killed Eustachio
  1572 | D:6      | Reached XP level 9. HP: 64/74 MP: 9/9
  1620 | D:6      | Found a glowing drain.
  1645 | D:6      | Reached ***** piety under Trog
  1657 | Sewer    | Entered a sewer
  1680 | Sewer    | Received a gift from Trog
  1871 | D:6      | Reached skill level 5 in Dodging
  2037 | D:5      | Reached skill level 9 in Axes
  2352 | D:7      | Found the +27 Lear's hauberk
  2471 | D:7      | Found a staircase to the Ecumenical Temple.
  2518 | D:7      | Reached skill level 10 in Axes
  2857 | D:8      | Found a staircase to the Lair.
  2967 | D:9      | Received a gift from Trog
  2989 | D:9      | Found a flagged portal.
  2994 | D:9      | Reached skill level 11 in Axes
  3022 | D:9      | Reached XP level 10. HP: 66/81 MP: 10/10
  3064 | Bailey   | Entered a bailey
  3143 | Bailey   | Noticed an orc knight
  3208 | Bailey   | Noticed an orc knight
  3213 | Bailey   | Received a gift from Trog
  3214 | Bailey   | Killed an orc knight
  3218 | Bailey   | Got an ancient robe
  3241 | Bailey   | Killed an orc knight
  3308 | Bailey   | Got a steaming battleaxe {god gift}
  3309 | Bailey   | Identified the +1 battleaxe of the Land of Plenty {freeze, *Contam rPois rF++ SInv} (Trog gifted it to you in a bailey)
  3417 | D:9      | Found a hazy altar of Hepliaklqana.
  3535 | D:10     | Entered Level 10 of the Dungeon
  3554 | D:9      | Gained mutation: You are clumsy. (Dex -2) [mutagenic glow]
  3593 | D:8      | Noticed Joseph
  3596 | D:8      | Noticed Psyche
  3602 | D:8      | Noticed a white ugly thing
  3607 | D:8      | Killed Psyche
  3607 | D:8      | Reached skill level 12 in Axes
  3611 | D:8      | Mangled by a white ugly thing

Skill      XL: |  1  2  3  4  5  6  7  8  9 10 |
---------------+-------------------------------+-----
Axes           | 3 4 5 6 7 8 11 12 | 12.0
Throwing       | 1 3 |  3.0
Fighting       | 5 |  5.1
Dodging        | 4 5 |  5.1
Armour         | |  1.3

Action                   |  1- 3 |  4- 6 |  7- 9 | 10-12 || total
-------------------------+-------+-------+-------+-------++-------
Melee: Hand axe          |    45 |    30 |       |       ||    75
       Kick              |     4 |     6 |    61 |    14 ||    85
       War axe           |       |     9 |   299 |    45 ||   353
       Battleaxe         |       |       |       |    14 ||    14
 Fire: Blowgun           |       |       |       |    11 ||    11
Throw: Tomahawk          |       |       |     1 |       ||     1
       Throwing net      |       |       |       |     1 ||     1
Invok: Berserk           |     2 |     4 |    14 |     2 ||    22
       Trog's Hand       |     1 |     2 |     4 |     3 ||    10
       Brothers in Arms  |       |       |       |     1 ||     1
  Use: Scroll            |       |       |    14 |       ||    14
       Potion            |       |       |       |     2 ||     2
  Eat: Ration            |       |     1 |     1 |       ||     2
       Chunk             |       |     1 |    18 |     4 ||    23
Armor: Animal skin       |     9 |       |       |       ||     9
       Ring mail         |     8 |    15 |   105 |       ||   128
       Steam dragon scal |       |       |    21 |    34 ||    55
Dodge: Dodged            |    22 |    18 |   154 |    68 ||   262
